 Dungeon Crawl Stone Soup version 0.21-a0-529-g8c7b3f5 (webtiles) character file.

12558 Dawnplanks the Carver (level 11, -8/99 HPs)
             Began as a Minotaur Fighter on Dec 11, 2017.
             Was a Follower of Qazlal.
             Mangled by a freezing wraith (10 damage)
             ... in an ice cave.
             The game lasted 00:41:23 (11279 turns).

Dawnplanks the Carver (Minotaur Fighter)           Turns: 11279, Time: 00:41:24

Health: -8/99      AC: 17    Str: 23    XL:     11   Next: 64%
Magic:  10/14      EV: 11    Int:  5    God:    Qazlal [*.....]
Gold:   358        SH: 14    Dex: 13    Spells: 10/10 levels left

rFire    . . .     SeeInvis +   F - +2 falchion
rCold    + . .     Gourm    .   c - +0 shield
rNeg     . . .     Faith    .   y - +1 chain mail of Disguise {Str+2 SInv}
rPois    .         Spirit   .   (helmet restricted)
rElec    .         Reflect  .   M - scarf {repulsion}
rCorr    .         Harm     .   p - +0 pair of gloves
MR       +....                  W - +2 pair of boots
Stlth    ..........             P - amulet of rage
HPRegen  0.26/turn              T - ring of protection from cold
MPRegen  0.14/turn              D - ring of protection from magic

@: about to teleport, slowed, repel missiles, very slow
A: retaliatory headbutt, horns 2
a: Renounce Religion, Evoke Berserk Rage


You were in an ice cave.
You worshipped Qazlal.
Qazlal was aware of your devotion.
You were not hungry.

You visited 2 branches of the dungeon, and saw 12 of its levels.
You also visited: Ossuary and Ice Cave.

You collected 633 gold pieces.
You spent 275 gold pieces at shops.

Inventory:

Hand Weapons
 F - a +2 falchion (weapon)
Missiles
 u - 2 javelins (quivered)
Armour
 c - a +0 shield (worn)
 p - a +0 pair of gloves (worn)
 y - the +1 chain mail of Disguise (worn) {Str+2 SInv}
   (You bought it in a shop on level 5 of the Dungeon)

   It affects your strength (+2).
   It lets you see invisible.
 M - a scarf of repulsion (worn)
 W - a +2 pair of boots (worn)
Jewellery
 r - an uncursed ring of positive energy
 t - an uncursed ring of flight
 D - a ring of protection from magic (right hand)
 L - an uncursed ring of wizardry
 P - an amulet of rage (around neck)
 T - a ring of protection from cold (left hand)
 U - an uncursed amulet of harm {unknown}
Wands
 o - a wand of flame (16)
 v - a wand of scattershot (10)
 B - a wand of clouds (5)
 E - a wand of acid (7)
 H - a wand of enslavement (8)
 I - a wand of random effects (56)
 N - a wand of paralysis (15)
 S - a wand of iceblast (9)
Scrolls
 h - 3 scrolls of remove curse
 i - 2 scrolls of fog
 k - 6 scrolls of teleportation
 m - 2 scrolls of magic mapping
 w - 3 scrolls of amnesia
 C - 2 scrolls of enchant weapon
 J - 4 scrolls of enchant armour
Potions
 b - 3 potions of berserk rage
 d - 2 potions of cancellation
 g - a potion of curing
 l - 2 potions of resistance
 q - a potion of heal wounds
 s - 2 potions of lignification
 z - 2 potions of agility
 A - 5 potions of flight
Books
 e - a Grand Grimoire

   Spells                             Type                      Level
   a - Monstrous Menagerie            Summoning                    7
   b - Summon Greater Demon           Summoning                    7
   c - Malign Gateway                 Summoning/Translocation      7
   d - Summon Horrible Things         Summoning                    8
 O - a book of Frost

   Spells                             Type                      Level
   a - Freeze                         Ice                          1
   b - Throw Frost                    Conjuration/Ice              2
   c - Ozocubu's Armour               Charms/Ice                   3
   d - Throw Icicle                   Conjuration/Ice              4
   e - Summon Ice Beast               Ice/Summoning                4
 R - a book of Cantrips

   Spells                             Type                      Level
   a - Confusing Touch                Hexes                        1
   b - Animate Skeleton               Necromancy                   1
   c - Summon Small Mammal            Summoning                    1
   d - Apportation                    Translocation                1
Comestibles
 a - 9 royal jellies
 f - 7 bread rations
 j - 8 fruits
 n - 9 meat rations


   Skills:
 + Level 9.7 Fighting
 + Level 11.9 Long Blades
 + Level 10.2 Armour
 + Level 6.8 Dodging
 + Level 10.2 Shields
 + Level 5.4 Invocations


You had 10 spell levels left.
You didn't know any spells.

Dungeon Overview and Level Annotations

Branches:
Dungeon (11/15)            Temple (1/1) D:7            Lair (0/6) D:10
    Orc: D:9-12

Altars:
Ashenzari
Cheibriados
Fedhas
Gozag
Hepliaklqana
Makhleb
Nemelex Xobeh
Okawaru
Qazlal
Ru
Sif Muna
Trog
Wu Jian
Xom
Yredelemnul
Zin
The Shining One

Shops:
D:5 [

Annotations:
D:11 Gastronok


Innate Abilities, Weirdness & Mutations

You reflexively headbutt those who attack you in melee.
You have a pair of horns on your head.


Message History

The freezing wraith hits you!
* * * LOW HITPOINT WARNING * * *
The freezing wraith freezes you. You resist.
* * * LOW HITPOINT WARNING * * *
The freezing wraith hits you but does no damage.
As you read the scroll labeled AKATUITERU, it crumbles to dust.
You feel strangely unstable.
It was a scroll of teleportation.
The freezing wraith hits you but does no damage.
You block the freezing wraith's attack.
The freezing wraith hits you but does no damage.
The freezing wraith hits you.
* * * LOW HITPOINT WARNING * * *
The freezing wraith drains your vigour!
You feel as though you will be slow longer.
As you read the scroll of fear, it crumbles to dust.
You assume a fearsome visage.
The freezing wraith is unaffected. x2
The freezing wraith hits you.
* * * LOW HITPOINT WARNING * * *
The freezing wraith freezes you! You resist.
You die...

###### ##....###
#.......###
##..###...##
##..###...##
##..###...##
#WW.###...### #####
##@.# ##....##
####...### ###...#
##....#
##........###....##
###..#
#...............##
..#
.............####
.## ............##
## #..........##
##.#....#.##
####..####


You could see 2 freezing wraiths.

Vanquished Creatures
  4 two-headed ogres
  Sonja (D:10)
  Psyche (D:8)
  A centaur skeleton (D:10)
  A gargoyle (D:10)
  2 freezing wraiths (IceCv)
  A troll (D:11)
  A wolf spider simulacrum (IceCv)
  2 hippogriffs (D:11)
  A slime creature (D:9)
  A meliai zombie (D:11)
  Sigmund (D:2)
  5 yaks
  2 hogs (D:8)
  A human (D:8)
  A death yak simulacrum (IceCv)
  A water moccasin (D:8)
  13 ice beasts
  2 orc warriors
  2 sky beasts
  6 ogres
  5 centaurs
  A crocodile (D:8)
  10 bullfrogs
  3 water moccasin zombies
  4 killer bees (D:10)
  An elephant simulacrum (IceCv)
  4 howler monkeys
  5 wights (D:6)
  3 bullfrog zombies
  2 crimson imps
  7 hounds
  5 orc wizards
  6 orc priests
  A bullfrog skeleton (D:11)
  2 jellies
  4 iguanas
  Terence (D:2)
  Natasha (thrice) (D:2)
  4 worker ants
  A polar bear simulacrum (IceCv)
  3 big kobold zombies (Ossuary)
  2 mummies (Ossuary)
  A worker ant zombie (D:8)
  A hound skeleton (D:10)
  Robin (D:2)
  8 adders
  7 gnolls
  A shadow imp (D:6)
  5 white imps (IceCv)
  An adder skeleton (D:5)
  9 adder zombies
  5 worms
  2 dart slugs
  3 leopard geckos
  20 orcs
  A ball python (D:3)
  8 giant cockroaches
  22 goblins
  7 hobgoblins
  5 jackals
  6 quokkas
  10 bats
  6 frilled lizards
  4 gnoll zombies (Ossuary)
  4 hobgoblin zombies (Ossuary)
  A jackal skeleton (D:4)
  10 kobolds
  9 kobold zombies (Ossuary)
  6 orc zombies (Ossuary)
  A quokka zombie (D:9)
  6 rats
297 creatures vanquished.

Notes
Turn   | Place    | Note
-------+----------+-------------------------------------------
     0 | D:1      | Dawnplanks the Minotaur Fighter began the quest for the Orb.
     0 | D:1      | Reached XP level 1. HP: 19/19 MP: 0/0
   137 | D:1      | Reached XP level 2. HP: 26/27 MP: 1/1
   364 | D:1      | Reached skill level 3 in Long Blades
   364 | D:1      | Reached XP level 3. HP: 21/33 MP: 2/2
   804 | D:2      | Noticed Natasha
   809 | D:2      | Killed Natasha
   809 | D:2      | Reached XP level 4. HP: 31/40 MP: 3/3
   888 | D:2      | Noticed Terence
   901 | D:2      | Noticed Natasha
   903 | D:2      | Killed Terence
   919 | D:2      | Killed Natasha
   919 | D:2      | Reached XP level 5. HP: 13/47 MP: 4/4
  1173 | D:2      | Reached skill level 4 in Long Blades
  1173 | D:2      | Reached skill level 1 in Dodging
  1226 | D:2      | Noticed Sigmund
  1234 | D:2      | Killed Sigmund
  1234 | D:2      | Reached skill level 5 in Armour
  1234 | D:2      | Reached skill level 5 in Shields
  1234 | D:2      | Reached XP level 6. HP: 52/53 MP: 5/5
  1455 | D:2      | Noticed Robin
  1462 | D:2      | Killed Robin
  1541 | D:2      | Noticed Natasha
  1556 | D:2      | Killed Natasha
  1556 | D:2      | Reached skill level 5 in Long Blades
  2046 | D:3      | Found a bloodstained altar of Trog.
  2762 | D:4      | Reached XP level 7. HP: 34/60 MP: 6/6
  2987 | D:4      | Found an opulent altar of Gozag.
  3027 | D:4      | Reached skill level 5 in Fighting
  3173 | D:4      | Found a burning altar of Makhleb.
  3423 | D:4      | Reached skill level 6 in Long Blades
  3866 | D:5      | Entered Level 5 of the Dungeon
  3866 | D:5      | Found Fiuru's Antique Armour Boutique.
  3883 | D:5      | Bought a jewelled chain mail for 275 gold pieces
  3893 | D:5      | Identified the cursed +1 chain mail of Disguise {Str+2 SInv} (You bought it in a shop on level 5 of the Dungeon)
  4046 | D:5      | Found a sand-covered staircase.
  4051 | Ossuary  | Entered an ossuary
  4319 | Ossuary  | Reached XP level 8. HP: 50/69 MP: 7/7
  4403 | D:5      | Reached skill level 7 in Long Blades
  4568 | D:5      | Found a deep blue altar of Sif Muna.
  4871 | D:6      | Reached skill level 8 in Long Blades
  5054 | D:6      | Reached skill level 9 in Long Blades
  5128 | D:6      | Reached XP level 9. HP: 55/78 MP: 8/8
  5580 | D:7      | Found a staircase to the Ecumenical Temple.
  5592 | Temple   | Entered the Ecumenical Temple
  5629 | Temple   | Became a worshipper of Qazlal Stormbringer
  5965 | D:7      | Found a glowing silver altar of Zin.
  6463 | D:8      | Reached skill level 10 in Long Blades
  6572 | D:8      | Noticed Psyche
  6610 | D:8      | Killed Psyche
  6610 | D:8      | Reached skill level 1 in Invocations
  6643 | D:8      | Reached * piety under Qazlal
  6667 | D:8      | Reached XP level 10. HP: 23/86 MP: 10/10
  7844 | D:9      | Noticed a two-headed ogre
  7855 | D:9      | Killed a two-headed ogre
  8093 | D:9      | Found a shimmering altar of Xom.
  8274 | D:9      | Noticed a two-headed ogre
  8285 | D:9      | Killed a two-headed ogre
  8472 | D:10     | Entered Level 10 of the Dungeon
  8502 | D:10     | Reached skill level 11 in Long Blades
  8533 | D:10     | Reached skill level 5 in Dodging
  8609 | D:10     | Noticed a two-headed ogre
  8616 | D:10     | Killed a two-headed ogre
  8648 | D:10     | Reached ** piety under Qazlal
  8808 | D:10     | Noticed a two-headed ogre
  8815 | D:10     | Killed a two-headed ogre
  8815 | D:10     | Reached XP level 11. HP: 84/95 MP: 13/13
  9065 | D:10     | Found a staircase to the Lair.
  9282 | D:10     | Noticed Sonja
  9725 | D:10     | Killed Sonja
 10456 | D:11     | Found a frozen archway.
 10468 | D:11     | Reached skill level 10 in Armour
 10476 | D:11     | Reached skill level 5 in Invocations
 10484 | D:11     | Reached skill level 10 in Shields
 10515 | D:11     | Noticed a skeletal warrior
 10518 | D:11     | Noticed a skeletal warrior
 10519 | D:11     | Noticed a skeletal warrior
 10519 | D:11     | Noticed a skeletal warrior
 10520 | D:11     | Noticed a skeletal warrior
 10530 | D:11     | Noticed Gastronok
 10532 | IceCv    | Entered an ice cave
 10964 | IceCv    | HP: 7/148 [freezing wraith (7)]
 10964 | IceCv    | HP: 3/148 [freezing wraith (4)]
 10969 | IceCv    | HP: 6/148 [freezing wraith (7)]
 10971 | IceCv    | HP: 2/99 [freezing wraith (9)]
 11278 | IceCv    | HP: 2/99 [freezing wraith (6)]
 11279 | IceCv    | Mangled by a freezing wraith

Vault maps used:
D:1:      wheals_arrival_shading, minivault_14, minmay_pentomino_t2
D:2:      uniq_sigmund, uniq_terence, uniq_natasha, uniq_robin
D:3:      lemuel_coloured_pillars_altar, first_bread
D:4:      lemuel_round_altar, bloody_makhleb
D:5:      led_sif_pool, enter_ossuary_2, serial_shops,
          nicolae_shop_competitors_out_of_business
D:6:      kennysheep_generic_room_5
D:7:      old_standard_altar, temple_fountains
D:8:      grunt_livestock, st_stairs_9, minmay_misc_feat_plants, uniq_psyche
D:9:      lemuel_crystal_altar, hangedman_decor_growths, kennysheep_just_a_vault
D:10:     lair_entry_dummy, kennysheep_generic_room_9, uniq_sonja
D:11:     portal_ice_cave_entry_ice_beasts, uniq_gastronok
Temple:   eino_temple_rhombus
Ossuary:  ossuary_tomb_2
IceCv:    ice_cave_small_necro

Skill      XL: |  1  2  3  4  5  6  7  8  9 10 11 |
---------------+----------------------------------+-----
Armour         | 4 5 6 7 8 9 10 | 10.2
Shields        | 4 5 6 7 8 9 10 | 10.2
Fighting       | 4 5 6 7 8 9 |  9.7
Long Blades    | 3 4 5 6 9 10 11 | 11.9
Dodging        | 1 2 3 5 6 |  6.8
Invocations    | 2 4 5 |  5.4

Action                   |  1- 3 |  4- 6 |  7- 9 | 10-12 || total
-------------------------+-------+-------+-------+-------++-------
Melee: Long sword        |    70 |   182 |   263 |       ||   515
       Headbutt          |     9 |    29 |   106 |   106 ||   250
       Falchion          |       |       |   165 |   411 ||   576
Throw: Javelin           |       |       |     4 |    26 ||    30
Invok: Upheaval          |       |       |       |     8 ||     8
 Abil: Evoke Berserk Rag |       |       |       |     1 ||     1
Evoke: Wand              |       |       |       |    46 ||    46
  Use: Potion            |       |     1 |       |    15 ||    16
       Scroll            |       |       |     5 |    19 ||    24
  Eat: Chunk             |       |     6 |    12 |    13 ||    31
       Fruit             |       |       |     1 |       ||     1
       Bread ration      |       |       |       |     1 ||     1
Armor: Scale mail        |    40 |    60 |    22 |       ||   122
       Chain mail        |       |       |   117 |   137 ||   254
       Skin              |       |       |       |    43 ||    43
Dodge: Dodged            |    28 |    42 |    80 |   120 ||   270
       Deflected         |       |       |       |    10 ||    10
Block: Shield            |    39 |    97 |   184 |   333 ||   653
       Rpst.: Long sword |     8 |    11 |    14 |       ||    33
       Falchion          |       |       |     8 |    28 ||    36

Table legend:
 A = Spawn XP
 B = Non-spawn XP
 C = Spawn XP percentage of total XP
 D = Spawn monster count
 E = Non-spawn monster count
 F = Spawn count percentage of total count
 G = Total turns spent on level
                    A         B        C        D         E        F      G
               +---------+---------+-------+---------+---------+-------+---------
         Total |       0 |   17940 |   0.0 |       0 |     297 |   0.0 | 11279
               +---------+---------+-------+---------+---------+-------+---------
           D:1 |       0 |      61 |   0.0 |       0 |      29 |   0.0 |   764
           D:2 |       0 |     476 |   0.0 |       0 |      40 |   0.0 |  1155
           D:3 |       0 |      97 |   0.0 |       0 |      19 |   0.0 |   691
           D:4 |       0 |     388 |   0.0 |       0 |      18 |   0.0 |  1256
           D:5 |       0 |     572 |   0.0 |       0 |      13 |   0.0 |   614
           D:6 |       0 |    1199 |   0.0 |       0 |      26 |   0.0 |   756
           D:7 |       0 |     641 |   0.0 |       0 |      15 |   0.0 |   740
           D:8 |       0 |    2387 |   0.0 |       0 |      28 |   0.0 |  1336
           D:9 |       0 |    2081 |   0.0 |       0 |       9 |   0.0 |   762
          D:10 |       0 |    5448 |   0.0 |       0 |      32 |   0.0 |  1794
          D:11 |       0 |    2256 |   0.0 |       0 |      14 |   0.0 |   266
       Ossuary |       0 |     341 |   0.0 |       0 |      38 |   0.0 |   344
         IceCv |       0 |    1993 |   0.0 |       0 |      16 |   0.0 |   747
               +---------+---------+-------+---------+---------+-------+---------
